 Dungeon Crawl Stone Soup version 0.23.2-1-ga50397a (webtiles) character file.

Game seed: 5725052053491460509

67 sankara the Sneak (level 4, -3/26 HPs)
             Began as a Gargoyle Assassin on May 30, 2019.
             Slain by a gnoll
             ... wielding a +0 halberd
              (5 damage)
             ... on level 2 of the Dungeon.
             The game lasted 00:05:55 (891 turns).

sankara the Sneak (Gargoyle Assassin)                Turns: 891, Time: 00:05:56

Health: -3/26      AC:  7    Str: 15    XL:     4   Next: 16%
Magic:  4/4        EV: 11    Int: 11    God:
Gold:   66         SH:  0    Dex: 12    Spells: 3/3 levels left

rFire    . . .     SeeInvis .   a - +2 short sword (drain)
rCold    . . .     Gourm    .   (no shield)
rNeg     + . .     Faith    .   o - +0 robe
rPois    ∞         Spirit   .   (no helmet)
rElec    +         Reflect  .   k - +0 cloak
rCorr    .         Harm     .   (no gloves)
MR       .....                  r - +0 pair of boots
Stlth    +++.......             (no amulet)
HPRegen  0.08/turn              (no ring)
MPRegen  0.09/turn              (no ring)

@: no status effects
A: negative energy resistance 1, electricity resistance, unbreathing,
petrification resistance, rot immunity, AC +3
a: no special abilities


You were on level 2 of the Dungeon.
You were not hungry.

You visited 1 branch of the dungeon, and saw 2 of its levels.

You collected 66 gold pieces.

Inventory:

Hand Weapons
 a - a +2 short sword of draining (weapon)
   (You took it off a kobold on level 1 of the Dungeon)
 b - a +2 dagger
 c - a +0 blowgun
 d - a +0 hunting sling
   (You found it on level 1 of the Dungeon)
 s - a cursed +0 hand axe
   (You found it on level 2 of the Dungeon)
Missiles
 e - 8 poisoned needles
 f - 2 curare-tipped needles
 l - 84 stones (quivered)
Armour
 k - a +0 cloak (worn)
 o - a +0 robe (worn)
 r - a +0 pair of boots (worn)
   (You found it on level 2 of the Dungeon)
Scrolls
 i - a scroll of identify {unknown}
 j - a scroll of immolation {unknown}
 m - a scroll of blinking {unknown}
 n - 2 scrolls of remove curse {unknown}
Potions
 p - a potion of degeneration {unknown}
 q - a potion of lignification {unknown}
 t - a potion of magic {unknown}
Comestibles
 g - 2 rations
 h - 3 chunks of flesh {@w0}


   Skills:
 - Level 2.1 Fighting
 - Level 1.7 Short Blades
 - Level 1.7 Throwing
 - Level 0.7 Dodging
 + Level 6.4 Stealth


You had 3 spell levels left.
You didn't know any spells.
Your spell library was empty.

Dungeon Overview and Level Annotations

Branches:
Dungeon (2/15)

Altars:


Innate Abilities, Weirdness & Mutations

You are resistant to torment.
Your stone body is resilient. (AC +3)
You are immune to poison.
You resist negative energy. (rN+)
You are resistant to electric shocks. (rElec)
You can survive without breathing.
You are immune to petrification.
You are immune to rotting.


Message History

b - a +2 dagger (weapon)
q - a bubbling blue potion
r - a pair of boots Wear which item? (? for menu, Esc to quit)
You start putting on your armour.
You continue putting on your pair of boots. x4
You finish putting on your +0 pair of boots.
A kobold comes into view. It is wielding a +0 short sword.
A dart slug comes into view.
Found a stone staircase leading down.
The helpless kobold fails to defend itself.
You impale the kobold!!
You kill the kobold!
The helpless dart slug fails to defend itself.
You impale the dart slug!!
You kill the dart slug!
You see here a dart slug corpse.
You butcher the dart slug corpse.
h - 4 chunks of flesh {@w0} (gained 2)
l - 58 stones (gained 3)
Things that are here:
a +0 short sword; a kobold corpse
l - 81 stones (gained 23)
A hobgoblin comes into view. It is wielding a +0 club.
The hobgoblin shouts!
The hobgoblin hits you but does no damage.
You hit the hobgoblin.
The hobgoblin is moderately wounded.
You closely miss the hobgoblin.
The hobgoblin is moderately wounded.
The hobgoblin hits you but does no damage.
You hit the hobgoblin but do no damage.
The hobgoblin is moderately wounded.
The hobgoblin hits you but does no damage.
You sense an unholy aura.
a - a +2 short sword of draining (weapon)
You hit the hobgoblin. You drain the hobgoblin.
You kill the hobgoblin!
No target in view!
No target in view!
b - a +2 dagger (weapon)
You see here a hand axe.
s - a hand axe
Found a stone staircase leading up.
t - a bubbling silvery potion A kobold comes into view.
It is wielding a +0 short sword.
You barely miss the kobold. The kobold closely misses you.
You hit the kobold.
You kill the kobold!
No target in view!
No target in view!
l - 84 stones (gained 3)
Things that are here:
a +0 short sword; a kobold corpse A gnoll comes into view.
It is wielding a +0 whip.
A gnoll comes into view.
A gnoll comes into view. It is wielding a +0 halberd.
The gnoll shouts!
A gnoll comes into view. It is wielding a +0 whip.
Some of the chunks of flesh in your inventory have rotted away.
The gnoll shouts!
Things that are here:
a +0 short sword; a kobold corpse The gnoll barely misses you.
You hit the gnoll.
The gnoll is heavily wounded.
The gnoll barely misses you.
You hit the gnoll but do no damage.
The gnoll is heavily wounded.
The gnoll misses you.
You sense an unholy aura.
a - a +2 short sword of draining (weapon)
You barely miss the gnoll.
The gnoll is heavily wounded.
The gnoll misses you.
You hit the gnoll but do no damage. You drain the gnoll.
The gnoll is heavily wounded.
The gnoll hits you with a +0 halberd.
You hit the gnoll but do no damage.
The gnoll is heavily wounded.
The gnoll closely misses you.
You hit the gnoll.
The gnoll is severely wounded.
The gnoll hits you with a +0 halberd!
You closely miss the gnoll.
The gnoll is severely wounded.
The gnoll hits you with a +0 halberd.
You closely miss the gnoll.
The gnoll is severely wounded.
The gnoll barely misses you.
You hit the gnoll.
The gnoll is almost dead.
You hit the gnoll but do no damage.
The gnoll is almost dead.
The gnoll hits you with a +0 halberd!
* * * LOW HITPOINT WARNING * * *
You barely miss the gnoll.
The gnoll is almost dead.
The gnoll hits you with a +0 halberd.
You die...

###########
..........################.
................@gg........
#########.####.####....###
###.# ##.####.##$#
#######...# ........# #
......#.### .............#
......#.###............###
##...................g.#
##<...#.###..........g.#
#..#...# ...........)


You could see 2 gnolls.

Vanquished Creatures
  2 adders (D:2)
  2 worms (D:2)
  2 dart slugs
  A ball python (D:1)
  A bat (D:1)
  3 giant cockroaches (D:1)
  4 hobgoblins
  A quokka (D:2)
  3 frilled lizards (D:1)
  7 goblins (D:1)
  7 kobolds
  5 rats
38 creatures vanquished.

Notes
Turn   | Place    | Note
-------+----------+-------------------------------------------
     0 | D:1      | sankara the Gargoyle Assassin began the quest for the Orb.
     0 | D:1      | Reached XP level 1. HP: 12/12 MP: 1/1
   117 | D:1      | Reached skill level 5 in Stealth
   117 | D:1      | Reached XP level 2. HP: 13/17 MP: 2/2
   578 | D:1      | Reached XP level 3. HP: 21/21 MP: 3/3
   736 | D:2      | Reached skill level 6 in Stealth
   773 | D:2      | Reached XP level 4. HP: 25/26 MP: 4/4
   890 | D:2      | HP: 2/26 [gnoll/+0 halberd (9)]
   891 | D:2      | Slain by a gnoll

Skill      XL: |  1  2  3 |
---------------+----------+-----
Stealth        | 5 6 |  6.4
Fighting       | |  2.1
Short Blades   | |  1.7
Throwing       | |  1.7
Dodging        | |  0.7

Action                   |  1- 3 |  4- 6 || total
-------------------------+-------+-------++-------
Melee: Dagger            |    97 |     9 ||   106
       Short sword       |     2 |    13 ||    15
 Stab: Sleeping          |     9 |     2 ||    11
Armor: Robe              |    32 |     2 ||    34
Dodge: Dodged            |    54 |     9 ||    63

Levels and vault maps discovered:
D:1:      wander_arrival_desolate, layout_rooms
D:2:      layout_basic, serial_glass, glass_columns_a, glass_columns_c,
          glass_columns_a, glass_columns_a, glass_columns_a, glass_columns_b

Table legend:
 A = Turns spent in this place as a percentage of turns spent in the entire game.
 B = Non-inter-level travel turns spent in this place as a percentage of non-inter-level travel turns spent in the entire game.
 C = Inter-level travel turns spent in this place as a percentage of turns spent in this place.
 D = Turns resting spent in this place as a percentage of non-inter-level travel turns spent in this place.
 E = Turns spent auto-exploring this place as a percentage of non-inter-level travel turns spent in this place.
 F = Non-inter-level travel turns spent in this place divided by the number of levels of this place that you've seen.
                   A       B       C       D       E      F
               +-------+-------+-------+-------+-------+----------------------
         Total | 100.0 | 100.0 |   1.0 |  15.1 |  41.5 | 441.0
       Dungeon | 100.0 | 100.0 |   1.0 |  15.1 |  41.5 | 441.0
               +-------+-------+-------+-------+-------+----------------------

Table legend:
 A = Kills in this place as a percentage of kills in entire the game.
 B = Kills by you in this place as a percentage of kills by you in the entire game.
 C = Kills by friends in this place as a percentage of kills by friends in the entire game.
 D = Other kills in this place as a percentage of other kills in the entire game.
 E = Experience gained in this place as a percentage of experience gained in the entire game.
 F = Experience gained in this place divided by the number of levels of this place that you have seen.
                   A       B       C       D       E      F
               +-------+-------+-------+-------+-------+----------------------
         Total | 100.0 | 100.0 |   N/A |   N/A | 100.0 |  48.0
       Dungeon | 100.0 | 100.0 |   N/A |   N/A | 100.0 |  48.0
               +-------+-------+-------+-------+-------+----------------------
